Unix NetHack Version 5.0.0-0 post-release - last build Jun 10 2026 00:39:30 (3ee93aec679c4c4259841fe613dc97188e26a321,branch:main).

Game began 2026-06-10 00:13:35, ended 2026-06-11 19:51:42.

Jobair, lawful female dwarven Archeologist

                                                                        ------
                                                                       |0....|
         -------                                               ------- |.|.|.|
         |.....|-----------------------------------------------|.....| |.|^|.|
         |.....-...........)...%)...)%[........................-.....| |.| |.|
         -----------------------------|-------------------------------}|*|0|.|
              |)))))))-%-%%%%%%%|...........)).........|......%.|}}}}}}|.|.|.|
              |)))))))|[|%%%%%%%|..........)|))........|.....)..|}.....|.|.|.|
              |--------|--------|...........|----------|......%%|}.....|.|.|.|
              +.......^...^...^.-(\.........-........%.))...{).)[......|.%.|.|
              ---------[--------|...........|----------|...).).)|._....---.|.|
                      |.|*******|...........|[%)......%|......%.|}.........|.|
                      |.-@******|..........))%))...)%..|........|}}}}}}----|.|
         -----------------------------|-------------------------------}|   |.|
         |.....-.........................%.)...)[.)....).......%.....|     |.|
         |..?..|-----------------------------------------------|.....|     |%|
         -------                                               -------    --%|
                                                                          .%<|
                                                                          ----
Jobair the Exhumer         St:17 Dx:16 Co:18 In:15 Wi:16 Ch:7  Lawful
Dlvl:29 $:0  HP:0(117) Pw:36(36) AC:-16 Xp:13 T:33298  Satiated

Latest messages:
 You see here a fortune cookie.
 You see here 2 tins.
 You see here an egg.
 You see here a tin.
 You see here a goober.
 You see here a food ration.
 You see here an egg.
 You see here a goober.
 You see here a goober.
 You see here a food ration.
 You see here 2 tripe rations.
 You see here a tripe ration.
 You see here a food ration.
 You see here a food ration.
 You see here a black dragon corpse.
 This door is locked.
 Unlock it with your skeleton key? [ynq] (q) y
 You succeed in unlocking the door.
 The door opens.
 You see here a spear.
 You see here a spear.
 You see here a sling.
 You see here a long sword.
 You see here a spear.
 You see here 10 darts.
 You see here a spear.
 You see here an axe.
 You see here 9 darts.
 You see here a war hammer.
 You see here a flail.
 You see here a dwarvish spear.
 You see here 6 darts.
 You see here a bullwhip.
 You see here a spear.
 You see here a black dragon corpse.
 You see here a set of red dragon scales.
 You find a hidden door.
 This door is locked.
 Unlock it with your skeleton key? [ynq] (q) y
 You succeed in unlocking the door.
 The door opens.
 You hit the wumpus!
 You hit the wumpus!
 You kill the wumpus!
 There is a wumpus corpse here; eat it? [ynq] (n) y
 This wumpus corpse is tough.
 You choke over your food.
 You die...
 Do you want your possessions identified? [ynq] (y) y
 Do you want to see your attributes? [ynq] (y) q

Inventory:
 Amulets  ('"')
  f - an uncursed amulet of reflection (being worn)
 Weapons  (')')
  r - 40 +0 darts (at the ready)
  a - the blessed +6 Grayswandir (weapon in right hand)
  V - a +0 short sword
 Armor    ('[')
  Z - an uncursed rusty +1 orcish helm (being worn)
  H - an uncursed +1 pair of gauntlets of dexterity (being worn)
  l - a blessed +1 pair of elven boots (being worn)
  d - an uncursed +1 elven shield (being worn)
  B - an uncursed +0 dwarvish cloak (being worn)
  i - a blessed +4 gray dragon scale mail (being worn)
 Potions  ('!')
  z - a blessed potion of extra healing
 Rings    ('=')
  D - an uncursed ring of conflict
  s - an uncursed ring of free action (on left hand)
  w - an uncursed ring of levitation
 Wands    ('/')
  K - a blessed wand of cold (0:2)
  G - a wand of digging (0:8)
  N - a wand of fire (0:8)
  O - a wand of fire (0:6)
  u - a wand of fire (0:4)
  h - a wand of probing (0:8)
  y - a blessed wand of stasis (0:6)
  P - a wand of teleportation (0:7)
 Tools    ('(')
  b - a blessed bag of holding containing 101 items
  p - an uncursed lock pick
  k - an uncursed skeleton key
  J - an uncursed towel
  L - a +0 unicorn horn
 Gems/Stones  ('*')
  Q - a blessed luckstone
  g - an uncursed touchstone

Contents of the bag of holding:
  17658 gold pieces
  an uncursed amulet of life saving
  a blessed +1 dart
  12 cursed -1 darts
  a cursed poisoned -1 dart
  an uncursed +0 helmet
  an uncursed +0 Hawaiian shirt with a jellyfish motif
  6 uncursed goobers
  an uncursed candy bar labeled "Choco Nummer"
  an uncursed cram ration
  7 uncursed food rations
  2 uncursed lembas wafers
  an uncursed pear
  an uncursed tin of black unicorn meat
  an uncursed tin of cave spider meat
  an uncursed tin of frost giant meat
  an uncursed tin of tengu meat
  2 uncursed lizard corpses
  a blessed scroll of amnesia
  an uncursed scroll of amnesia
  an uncursed scroll of charging
  an uncursed scroll of confuse monster
  a cursed scroll of confuse monster
  a blessed scroll of create monster
  3 uncursed scrolls of create monster
  an uncursed scroll of enchant armor
  an uncursed scroll of enchant weapon
  an uncursed scroll of gold detection
  a cursed scroll of gold detection
  a blessed scroll of identify
  an uncursed scroll of identify
  an uncursed scroll of light
  an uncursed scroll of magic mapping
  a blessed scroll of remove curse
  a cursed scroll of remove curse
  an uncursed scroll of stinking cloud
  6 uncursed scrolls of teleportation
  a cursed scroll of teleportation
  an uncursed spellbook of detect food
  an uncursed spellbook of detect food
  an uncursed spellbook of magic missile
  an uncursed spellbook of slow monster
  2 uncursed potions of full healing
  a cursed potion of gain ability
  an uncursed potion of gain energy
  an uncursed potion of gain level
  a blessed potion of healing
  2 uncursed potions of healing
  an uncursed potion of levitation
  2 uncursed potions of object detection
  an uncursed potion of oil
  2 uncursed potions of paralysis
  an uncursed potion of see invisible
  an uncursed potion of sickness
  an uncursed potion of speed
  a cursed potion of speed
  6 potions of holy water
  a potion of unholy water
  an uncursed ring of cold resistance
  a blessed +2 ring of gain strength
  a cursed ring of invisibility
  an uncursed ring of regeneration
  an uncursed ring of see invisible
  an uncursed ring of see invisible
  an uncursed ring of slow digestion
  a cursed ring of teleportation
  a wand of create monster (0:11)
  a wand of create monster (0:2)
  a wand of death (0:6)
  a blessed wand of digging (0:6)
  a wand of digging (0:7)
  a wand of digging (0:7)
  a wand of magic missile (0:7)
  a wand of make invisible (0:5)
  a wand of make invisible (0:3)
  a cursed wand of polymorph (0:5)
  a blessed wand of sleep (0:8)
  a wand of sleep (0:4)
  a wand of striking (0:6)
  a wand of striking (0:5)
  a wand of striking (0:4)
  a wand of teleportation (0:6)
  a wand of wishing (0:1)
  an uncursed bell
  a cursed crystal ball (0:3)
  an expensive camera (0:61)
  a blessed oil lamp
  a blessed oil lamp
  a +0 pick-axe
  an uncursed skeleton key
  an uncursed skeleton key
  an uncursed stethoscope
  a tinning kit (0:50)
  an uncursed towel
  a +0 unicorn horn
  an uncursed agate stone
  an uncursed aquamarine stone
  an uncursed chrysoberyl stone
  an uncursed citrine stone
  3 uncursed sapphires
  an uncursed luckstone

Jobair the Archeologist's attributes:

Background:
 You were an Exhumer, a level 13 female dwarven Archeologist.
 You were lawful, on a mission for Quetzalcoatl
 who was opposed by Camaxtli (neutral) and Huhetotl (chaotic).
 You were right-handed.
 You were in the Dungeons of Doom, on level 29.
 You entered the dungeon 33298 turns ago.
 You had 64011 experience points, 15989 more were needed to attain level 14.

Basics:
 You had 0 out of 117 hit points.
 You had all 36 energy points (spell power).
 Your armor class was -16.
 Your wallet was empty, but
 you had 17658 zorkmids stashed away in your pack.
 Autopickup was off.

Final Characteristics:
 Your strength was 17 (peak:18, limit:18/100).
 Your dexterity was 16 (base:15, peak:17, limit:20).
 Your constitution was 18 (limit:20).
 Your intelligence was 15 (limit:16).
 Your wisdom was 16 (limit:16).
 Your charisma was 7 (limit:16).

Final Status:
 You were satiated.
 You were unencumbered.
 You were wielding a saber.
 You had expert skill with saber.

Final Attributes:
 You were piously aligned.
 You were magic-protected.
 You were fire resistant.
 Your items were somewhat protected from fire.
 You were cold resistant.
 Your items were somewhat protected from cold.
 You were sleep resistant.
 You were poison resistant.
 You resisted hallucinations.
 You saw invisible.
 You were telepathic.
 You had automatic searching.
 You had infravision.
 You were stealthy.
 You had a small defense bonus (+5).
 You were warded.
 You were fast.
 You had reflection.
 You had free action.
 You were very lucky.
 You had extra luck.
 Good luck did not time out for you.
 You are dead.

Miscellaneous:
 You encountered 1 bones level.
 Total elapsed playing time was 7 hours, 37 minutes and 57 seconds.

Major events:
 Turn
    1: Jobair the lawful female dwarven Archeologist entered the dungeon
  686: attained the rank of Field Worker (level 3)
 1549: entered the Gnomish Mines
 3120: reached Mine Town
 3357: Parbalingga, the delicatessen proprietrix, has been killed
 4565: made her first wish - "blessed greased +3 gray dragon scale mail", got "a greased gray dragon scale mail"
 5749: attained the rank of Investigator (level 6)
 6529: entered Sokoban
 7083: completed 1st Sokoban level
 7714: completed 2nd Sokoban level
 8372: completed 3rd Sokoban level
 9499: completed 4th Sokoban level
 9810: acquired the Sokoban amulet of reflection
10831: Alaca, the used armor dealership proprietrix, has been killed
11572: Izchak, the lighting store proprietor, has been killed
16614: entered the Bigroom
18230: made her first artifact wish - "blessed rustproof +3 Grayswandir", got "a silver saber named Grayswandir"
18619: attained the rank of Exhumer (level 10)
19903: entered Home 1, the Quest
23415: was bestowed with Werebane by Quetzalcoatl
25725: acquired the Mines' End luckstone
26031: Kipawa, the general store proprietor, has been killed
27943: Makharadze, the used armor dealership proprietor, has been killed
30986: killed Medusa
33298: choked on a wumpus corpse

You didn't know any spells.

Skills:
 Fighting Skills
   bare handed combat [Unskilled]
   two weapon combat  [Unskilled]
   riding             [Unskilled]
 Weapon Skills
   dagger             [Unskilled]
   knife              [Unskilled]
   pick-axe           [Basic]
   short sword        [Unskilled]
   saber              [Expert]
   club               [Unskilled]
   quarterstaff       [Unskilled]
   sling              [Unskilled]
   dart               [Basic]
   boomerang          [Unskilled]
   whip               [Skilled]
   unicorn horn       [Unskilled]
 Spellcasting Skills
   attack spells      [Unskilled]
   healing spells     [Unskilled]
   divination spells  [Unskilled]
   matter spells      [Unskilled]

Voluntary challenges:
 Character rerolling was not enabled.
 You never genocided any monsters.
 You used 2 wishes (1 for an artifact).
 You violated the special Sokoban rules twice.
Achievements:
 You attained the rank of Field Worker.
 You entered a shop.
 You entered the Gnomish Mines.
 You entered Minetown.
 You entered a temple.
 You attained the rank of Investigator.
 You entered Sokoban.
 You completed Sokoban.
 You entered the Big Room.
 You attained the rank of Exhumer.
 You completed the Gnomish Mines.
 You defeated Medusa.

 The Dungeons of Doom: levels 1 to 29
    Level 1:
       A fountain.
    Level 2:
    Level 3:
       An armor shop, a fountain.
    Level 4:
       Some fountains.
       Stairs down to The Gnomish Mines.
    Level 5:
       Many fountains.
       Oracle of Delphi.
    Level 6:
       Stairs up to Sokoban, level 5.
    Level 7:
    Level 8:
       An altar to Quetzalcoatl, a fountain, a grave.
    Level 9:
    Level 10:
       A very big room.
    Level 11:
    Level 12:
       An altar to Quetzalcoatl, a fountain.
       Summoned by Lord Carnarvon.
       Portal to The Quest.
    Level 13:
       A fountain, a sink, many graves.
    Level 14:
       An altar to Quetzalcoatl, many fountains.
    Level 15:
       A fountain.
    Level 16:
       A primitive area.
    Level 17:
    Level 18:
       An armor shop, a fountain, a grave.
    Level 19:
       A grave.
    Level 20:
    Level 21:
       A fountain, a sink.
    Level 22:
       A sink.
    Level 23:
    Level 24:
       An altar to Quetzalcoatl, a sink.
    Level 25:
       Some graves.
    Level 26:
       Some fountains, many trees.
    Level 27:
    Level 28:
    Level 29: <- You were here.
       A throne, a fountain.
       Final resting place for
          you, choked on a wumpus corpse.
 The Gnomish Mines: levels 5 to 12
    Level 5:
    Level 6:
    Level 7:
    Level 8:
       Many shops, a temple and an altar, many fountains.
    Level 9:
    Level 10:
    Level 11:
       A grave.
       Final resting place for
          Fletchius-Mon-Hum-Mal-Cha, killed by an invisible troll,
          Barrb-Bar-Hum-Fem-Neu, killed by an invisible troll, while praying.
    Level 12:
       Some fountains.
 The Quest:
    Level 1:
       A throne.
       Home.
 Sokoban: levels 5 up to 2
    Level 2:
       Solved.
    Level 3:
       Solved.
    Level 4:
       Solved.
    Level 5:
       Solved.


Vanquished creatures:
    Medusa
  a storm giant
  a gray dragon
  a silver dragon
  2 red dragons
  a black dragon
  a green dragon
  a yellow dragon
  3 minotaurs
  2 Olog-hai
  a Nazgul
  a hell hound
  a displacer beast
  3 titanotheres
  4 trappers
  3 baby yellow dragons
  a genetic engineer
  2 vampire leaders
  5 shopkeepers
  3 captains
  3 liches
  a clay golem
  2 nurses
  2 frost giants
  a golden naga
  2 vampires
  a lieutenant
  a watch captain
  9 ghosts
  a winged gargoyle
  2 mind flayers
  3 giant mimics
  4 long worms
  a zruty
  a fire giant
  4 ogre tyrants
  2 ice trolls
  2 rock trolls
  3 flesh golems
 an elven monarch
  3 large mimics
  4 wumpuses
  4 stalkers
  2 air elementals
  a fire elemental
 an earth elemental
  a water elemental
  3 hill giants
  3 giant mummies
  a black naga
  2 xorns
 an elf-noble
  7 sergeants
  a vrock
  4 wargs
  2 winter wolves
  3 small mimics
  2 xans
  4 ettin mummies
  3 ogre leaders
  3 quantum mechanics
 13 trolls
  a sasquatch
  a wood golem
  2 sharks
  8 gelatinous cubes
  2 large dogs
  a freezing sphere
  2 flaming spheres
  a shocking sphere
  4 large cats
  4 tigers
  3 gargoyles
  a dwarf ruler
  3 tengu
  4 leocrottas
  3 mountain centaurs
 an elf mummy
  3 red nagas
  7 pythons
  4 pit vipers
  3 cobras
  4 wraiths
  3 ettin zombies
  3 leather golems
  4 Grey-elves
 43 soldiers
  4 watchmen
  2 amorous demons
  a chameleon
  4 crocodiles
  5 giant beetles
  3 quivering blobs
  6 cockatrices
  7 wolves
  6 winter wolf cubs
  3 lynxes
  a panther
  7 gremlins
  3 spotted jellies
  8 leprechauns
 an orc-captain
  2 iron piercers
 13 giant spiders
  6 scorpions
  2 horses
  3 black lights
  3 vampire bats
  6 forest centaurs
  4 gnome rulers
  6 orc mummies
  3 dwarf mummies
  4 ogres
  2 brown puddings
  5 rust monsters
  4 owlbears
  5 yetis
  5 gold golems
  3 werewolves
  2 Green-elves
  9 giant eels
 12 lizards
  4 chickatrices
  4 dingoes
  6 dogs
  a jaguar
  5 blue jellies
  2 white unicorns
  2 black unicorns
  3 dust vortices
  5 ravens
  a plains centaur
  6 gnome mummies
 15 snakes
  8 apes
  a human zombie
  3 rope golems
 15 Woodland-elves
  2 soldier ants
 12 fire ants
  5 bugbears
 an imp
  3 quasits
  2 wood nymphs
  3 water nymphs
  3 mountain nymphs
 26 Mordor orcs
  5 Uruk-hai
  5 orc shamans
  7 rock piercers
  3 rock moles
  3 ponies
  3 fog clouds
  5 yellow lights
  a shrieker
  3 violet fungi
 15 gnome leaders
  3 gnomish wizards
  5 kobold mummies
  3 black naga hatchlings
  4 gray oozes
  2 barrow wights
  7 elf zombies
  8 ghouls
  2 straw golems
  2 paper golems
  a jellyfish
  9 giant ants
  3 little dogs
 16 floating eyes
  a kitten
  8 dwarves
  9 homunculi
  a kobold leader
  2 kobold shamans
 36 hill orcs
 25 rothes
  a rabid rat
  2 centipedes
  2 giant bats
  a monkey
 12 orc zombies
  2 dwarf zombies
  a wererat
  5 werejackals
 16 iguanas
 22 killer bees
  2 acid blobs
  4 coyotes
  4 gas spores
  8 hobbits
  7 manes
  a large kobold
  8 hobgoblins
  9 giant rats
 13 cave spiders
  2 yellow molds
  2 green molds
 53 gnomes
 25 garter snakes
 10 gnome zombies
 19 geckos
 21 jackals
  2 foxes
  4 kobolds
  4 goblins
 14 sewer rats
 14 grid bugs
  7 lichens
  4 kobold zombies
 14 newts
1077 creatures vanquished.

No species were genocided or became extinct.

Game over:
                       ----------
                      /          \
                     /    REST    \
                    /      IN      \
                   /     PEACE      \
                  /                  \
                  |      Jobair      |
                  |     17658 Au     |
                  |   choked on a    |
                  |  wumpus corpse   |
                  |                  |
                  |                  |
                  |       2026       |
                 *|     *  *  *      | *
        _________)/\\_//(\/(/\)/\//\/|_)_______

Goodbye Jobair the Archeologist...

You choked in The Dungeons of Doom on dungeon level 29 with 281139 points,
and 17658 pieces of gold, after 33298 moves.
You were level 13 with a maximum of 117 hit points when you choked.

